 Dungeon Crawl Stone Soup version 0.30-a0-576-g89cddaab80 (webtiles) character file.

Game seed: 6837198252655061241

56 porpoise the Shooter (level 3, -2/22 HPs)
             Began as a Tengu Hunter on Dec 31, 2022.
             Slain by a gnoll
             ... wielding a +0 spear
              (7 damage)
             ... on level 2 of the Dungeon.
             The game lasted 00:02:57 (568 turns).

porpoise the Shooter (Tengu Hunter)                  Turns: 568, Time: 00:02:58

Health: -2/22      AC:  5    Str: 11    XL:     3   Next: 95%
Magic:  4/4        EV: 16    Int:  9    God:
Gold:   71         SH:  0    Dex: 19    Spells: 2/2 levels left

rFire   . . .      SeeInvis .    b - +1 spear (heavy)
rCold   . . .      Faith    .    (no shield)
rNeg    . . .      Spirit   .    g - +0 ring mail
rPois   .          Reflect  .    (helmet restricted)
rElec   .          Harm     .    (no cloak)
rCorr   .          Rampage  .    (no gloves)
Will    .....                    (boots unavailable)
Stlth   +                        (no amulet)
HPRegen 0.23/turn                j - +5 ring of evasion
MPRegen 0.09/turn                (no ring)

@: no status effects
A: beak, talons 3
a: no special abilities


You were on level 2 of the Dungeon.
You visited 1 branch of the dungeon, and saw 2 of its levels.

You collected 71 gold pieces.

Inventory:

Hand Weapons
 a - a +0 shortbow
 b - a +1 heavy spear (weapon)
Armour
 e - an orb of energy
 g - a +0 ring mail (worn)
Jewellery
 j - a +5 ring of evasion (left hand)
Scrolls
 c - a scroll of identify {unknown}
 d - 2 scrolls of poison {unknown}
 f - a scroll of immolation
 h - a scroll of torment {unknown}
 i - a scroll of enchant armour {unknown}


   Skills:
 + Level 2.8 Fighting
 * Level 5.5 Ranged Weapons
 - Level 2.1 Dodging
 - Level 1.0 Stealth


You had 2 spell levels left.
You didn't know any spells.
Your spell library was empty.

Dungeon Overview and Level Annotations

Branches:
Dungeon (2/15)

Altars:


Innate Abilities, Weirdness & Mutations

You have a beak for a mouth.
You have claws for feet.


Message History

a +0 short sword; a +0 short sword; 4 stones
There is a stone staircase leading down here.
You climb downwards.
There is a stone staircase leading up here.
There are monsters nearby!
b - a +1 heavy spear (weapon)
The frilled lizard hisses angrily.
The ball python hisses angrily.
You hear a shout!
You hit the hobgoblin.
You claw the hobgoblin, but do no damage.
You peck the hobgoblin, but do no damage.
The hobgoblin is almost dead.
The hobgoblin hits you but does no damage.
A gnoll comes into view. It is wielding a +0 spear.
The hobgoblin barely misses you.
You closely miss the hobgoblin.
The hobgoblin is almost dead.
The frilled lizard misses you. The hobgoblin closely misses you.
You closely miss the hobgoblin.
You claw the hobgoblin, but do no damage.
You peck the hobgoblin.
You kill the hobgoblin!
The frilled lizard bites you but does no damage.
The ball python misses you. The ball python grabs you.
The ball python constricts you. The frilled lizard closely misses you.
You puncture the ball python!
You kill the ball python!
The frilled lizard barely misses you.
You closely miss the frilled lizard. You peck the frilled lizard.
The frilled lizard is heavily wounded.
The frilled lizard closely misses you.
The gnoll hits you from afar with a +0 spear.
The frilled lizard completely misses you.
You hit the frilled lizard.
You kill the frilled lizard!
The gnoll hits you from afar with a +0 spear. x2
* * * LOW HITPOINT WARNING * * *
You are too injured to fight recklessly!
The gnoll hits you from afar with a +0 spear!
You die...

.. . . #.
# #.#.##
#
..#.##.#
#.#.....#
#...@#
#.#†## #g
#. #. ..
.# .


You could see a gnoll.

Vanquished Creatures
  A gnoll (D:1)
  2 dart slugs (D:1)
  5 endoplasms (D:1)
  A giant cockroach (D:1)
  A goblin (D:1)
  A hobgoblin (D:2)
  4 jackals (D:1)
  6 kobolds (D:1)
  A quokka (D:1)
  4 ball pythons
  3 bats (D:1)
  7 frilled lizards
  3 rats (D:1)
39 creatures vanquished.

Notes
Turn   | Place    | Note
-------+----------+-------------------------------------------
     0 | D:1      | porpoise the Tengu Hunter began the quest for the Orb.
     0 | D:1      | Reached XP level 1. HP: 12/12 MP: 2/2
    44 | D:1      | Reached XP level 2. HP: 18/18 MP: 3/3
   144 | D:1      | Reached skill level 5 in Ranged Weapons
   176 | D:1      | Reached XP level 3. HP: 19/22 MP: 4/4
   568 | D:2      | Slain by a gnoll

Illustrated notes

Levels and vault maps discovered:
D:1:      dpeg_arrival_tiny_b, layout_rooms
D:2:      layout_loops_ring, nicolae_ecumenical_oubliette

Skill      XL: |  1  2 |
---------------+-------+-----
Ranged Weapons | 5 |  5.5
Fighting       | |  2.8
Dodging        | |  2.1
Stealth        | |  1.0

Action                   || total
-------------------------++-------
Melee: Spear             ||     7
       Peck              ||     3
       Kick              ||     2
 Fire: Shortbow          ||    74
Armor: Leather armour    ||     2
       Ring mail         ||    19
Dodge: Dodged            ||    38

Table legend: (Time is in decaauts)
 A = Elapsed time spent in this place.
 B = Non-inter-level travel time spent in this place.
 C = Inter-level travel time spent in this place.
 D = Time resting spent in this place.
 E = Time spent auto-exploring this place.
 F = Levels seen in this place.
 G = Mean time per level.
                   A        B        C        D        E       F      G
               +--------+--------+--------+--------+--------+-----+--------+
         Total |    593 |    572 |     21 |     72 |    306 |   2 |  296.5 |
       Dungeon |    593 |    572 |     21 |     72 |    306 |   2 |  296.5 |
               +--------+--------+--------+--------+--------+-----+--------+

Top non-repeatable levels by time:
     D:1: 582 daAuts
     D:2: 10 daAuts
